 Dungeon Crawl Stone Soup version 0.31-a0-978-g1e143483b6 (webtiles) character file.

Game seed: 10926880401108777709

133 lunkers the Ruffian (level 5, -4/60 HPs)
             Began as a Meteoran Shapeshifter on Oct 30, 2023.
             Was a Believer of Nemelex Xobeh.
             Killed from afar by an orc wizard (6 damage)
             ... with a magic dart
             ... on level 4 of the Dungeon.
             The game lasted 00:02:17 (1262 turns).

lunkers the Ruffian (Meteoran Shapeshifter)         Turns: 1262, Time: 00:02:17

Health: -4/60      AC: 22    Str: 16    XL:     5   Next: 68%
Magic:  7/7        EV:  2    Int: 11    God:    Nemelex Xobeh [**....]
Gold:   106        SH:  0    Dex: 15    Spells: 4/4 levels left

rFire   . .          .
                       - Unarmed
rCold   . . .        (no shield)
rNeg    . . .        s - melded +0 ring mail
rPois   +            (helmet currently unavailable)
rElec   .            (cloak currently unavailable)
rCorr   .            (gloves currently unavailable)
SInv    .            (boots currently unavailable)
Will    .....        (no amulet)
Stlth   +            (no ring)
HPRegen 0.30/turn    (no ring)
MPRegen 0.10/turn

%: no passive effects
@: confused, tree-form, glowing
A: stationary, stasis, torment immunity, boosted hp, sense surroundings 1,
otherworldly, glowing, explore regen
a: Renounce Religion, Draw Escape, Draw Destruction, Draw Summoning


You were on level 4 of the Dungeon.
You worshipped Nemelex Xobeh.
Nemelex Xobeh was pleased with you.
You were a tree.
You visited 1 branch of the dungeon, and saw 4 of its levels.

You collected 106 gold pieces.

Inventory:

Armour
 a - a +0 animal skin
 s - a +0 ring mail (melded)
Talismans
 c - a beast talisman
 d - a flux talisman
Wands
 o - a wand of flame (15)
 r - a wand of paralysis (6)
Scrolls
 f - a scroll of blinking {unknown}
 g - a scroll of summoning {unknown}
 i - 4 scrolls of identify {unknown}
 l - a scroll of immolation {unknown}
 q - a scroll of fear {unknown}
 u - a scroll of poison {unknown}
Potions
 e - 3 potions of brilliance {unknown}
 h - a potion of ambrosia {unknown}
 j - a potion of might {unknown}
 k - 3 potions of heal wounds {unknown}
 m - a potion of curing {unknown}
 n - 2 potions of invisibility {unknown}
 p - a potion of attraction {unknown}
 t - a potion of degeneration {unknown}
 v - a potion of enlightenment {unknown}


   Skills:
 - Level 1.1 Fighting
 - Level 2.1 Dodging
 * Level 5.7 Unarmed Combat
 + Level 2.1 Invocations
 + Level 4.5 Shapeshifting


You had 4 spell levels left.
You didn't know any spells.
Your spell library contained the following spells:

 Spells                   Type           Power      Damage    Failure   Level
 Ensorcelled Hibernation  Hex/Ice        0%         N/A       47%         2
 Passwall                 Tmut/Erth      0%         N/A       47%         2
 Swiftness                Air            0%         N/A       71%         3
 Alistair's Intoxication  Tmut/Pois      0%         N/A       100%        5
 Borgnjor's Vile Clutch   Necr/Erth      0%         N/A       100%        5
 Eringya's Noxious Bog    Tmut/Pois      0%         4d6       100%        6


Dungeon Overview and Level Annotations

Branches:
Dungeon (4/15) Zot: 1154
 Temple: D:4-7

Altars:
Fedhas
Kikubaaqudgha
Nemelex Xobeh

Shops:
D:1 (


Innate Abilities, Weirdness & Mutations

You are a tree.
Your roots penetrate the ground, keeping you stationary.
You cannot be teleported.
You are immune to unholy pain and torment.
Your maximum health is greatly increased.
Your equipment is partially melded.
You passively map a small area around you.
You are easily found by Zot.
You glow in the dark.
You regain HP and MP as you explore.


Message History

The goblin hits you but does no damage.
Things that are here:
a +0 flail; a +0 robe; a +0 hand axe You barely miss something.
Something hits you but does no damage. The goblin hits you but does no damage.
Unknown command.
You closely miss something. Something completely misses you.
The goblin hits you with a +0 club.
* * * LOW HITPOINT WARNING * * *
You barely miss something. Something hits you.
* * * LOW HITPOINT WARNING * * *
You hit something. The goblin hits you with a +0 club.
* * * LOW HITPOINT WARNING * * *
You hear some strange, mumbled words.
Something tries to affect you, but you resist.
You barely miss something. Your punch misses something. The goblin misses you.
You hear some strange, mumbled words.
A magic dart appears from out of thin air!
The magic dart hits you.
* * * LOW HITPOINT WARNING * * *
You closely miss something. The goblin hits you but does no damage.
Something hits you.
* * * LOW HITPOINT WARNING * * *
Unknown command.
Your transformation has ended.
You turn into a tree.
Your +0 ring mail melds into your body.
Your roots penetrate the ground.
The goblin hits you with a +0 club.
* * * LOW HITPOINT WARNING * * *
You hear some strange, mumbled words.
You are confused.
You cannot move. (Use ctrl+direction or * direction to attack while stationary and confused.)
You attack the rock wall.
The goblin hits you but does no damage.
You completely miss something. Something hits you but does no damage.
The goblin hits you but does no damage.
You miss something.
You hear some strange, mumbled words.
A magic dart appears from out of thin air!
The magic dart hits you.
You die...
Your body glows slightly brighter and disappears.

#....<...#.#.....#* .#.
#................###.... ,
##...##............<#....
, ..##.##.##......).....#
.........#............#,
.....................#.. ,
, ..................)..# ,
, .(..............{g...# ,
..............##♣###...##
,
......#......###.###..(.#
......#.......##........#
,
..............##.........,
...#.#..).....#..........
..######.......#.........,
, * ....##
#)......#.........
.....###.#...............
....###..##.............#


You could see a goblin.

Vanquished Creatures
  5 adders
  2 dart slugs (D:3)
  6 orcs
  3 bats
  7 endoplasms
  A giant cockroach (D:2)
  5 goblins
  6 hobgoblins
  12 jackals
  6 ball pythons
  6 frilled lizards
  8 kobolds
  4 rats
71 creatures vanquished.

Vanquished Creatures (others)
  An orc wizard (D:4)
1 creature vanquished.

Grand Total: 72 creatures vanquished

Notes
Turn   | Place    | Note
-------+----------+-------------------------------------------
     0 | D:1      | lunkers the Meteoran Shapeshifter began the quest for the
                  | Orb.
     0 | D:1      | Reached XP level 1. HP: 16/16 MP: 2/2
    88 | D:1      | Reached XP level 2. HP: 20/23 MP: 3/3
    90 | D:1      | Reached skill level 4 in Unarmed Combat
   111 | D:1      | Found Comez's Weapon Emporium.
   239 | D:1      | Reached XP level 3. HP: 28/28 MP: 4/4
   408 | D:2      | Found a faded altar of an unknown god.
   412 | D:2      | Prayed at the altar of an unknown god.
   412 | D:2      | Became a worshipper of Nemelex Xobeh the Trickster
   412 | D:2      | Reached * piety under Nemelex Xobeh
   437 | D:2      | Found an ancient bone altar of Kikubaaqudgha.
   472 | D:2      | Reached XP level 4. HP: 35/35 MP: 5/5
   533 | D:2      | Received a gift from Nemelex Xobeh
   590 | D:2      | Reached skill level 5 in Unarmed Combat
   590 | D:2      | Reached skill level 1 in Invocations
   690 | D:3      | Reached XP level 5. HP: 37/40 MP: 7/7
  1035 | D:3      | Found a blossoming altar of Fedhas.
  1141 | D:4      | Reached ** piety under Nemelex Xobeh
  1258 | D:4      | HP: 1/40 [something (4)]
  1262 | D:4      | Killed from afar by an orc wizard

Illustrated notes

Levels and vault maps discovered:
D:1:      roderic_crossed_star, layout_loops_ring, serial_shops, shop,
          minmay_liquid_box
D:2:      layout_rooms, basic_altar, nicolae_ecumenical_pavilion
D:3:      layout_basic, fedhas_altar_fruit_tree
D:4:      layout_cave_pools, marbit_many_paths

Skill      XL: |  1  2  3  4  5 |
---------------+----------------+-----
Unarmed Combat | 4 5 |  5.7
Shapeshifting  | 4 |  4.5
Invocations    | 1 2 |  2.1
Fighting       | |  1.1
Dodging        | |  2.1

Action                     |  1- 3 |  4- 6 || total
---------------------------+-------+-------++-------
  Melee: Unarmed           |    82 |   108 ||   190
         Punch             |     1 |     3 ||     4
    Use: Potion            |       |     1 ||     1
   Stab: Sleeping          |     1 |       ||     1
 Armour: Animal skin       |    49 |    49 ||    98
         Ring mail         |       |    26 ||    26
         Skin              |       |     5 ||     5
  Dodge: Dodged            |    61 |    55 ||   116

Table legend: (Time is in decaauts)
 A = Elapsed time spent in this place.
 B = Non-inter-level travel time spent in this place.
 C = Inter-level travel time spent in this place.
 D = Time resting spent in this place.
 E = Time spent auto-exploring this place.
 F = Levels seen in this place.
 G = Mean time per level.
                   A        B        C        D        E       F      G
               +--------+--------+--------+--------+--------+-----+--------+
         Total |   1245 |   1245 |      0 |      0 |    813 |   4 |  311.2 |
       Dungeon |   1245 |   1245 |      0 |      0 |    813 |   4 |  311.2 |
               +--------+--------+--------+--------+--------+-----+--------+

Top non-repeatable levels by time:
     D:3: 458 daAuts
     D:1: 404 daAuts
     D:2: 259 daAuts
     D:4: 122 daAuts
